 Dungeon Crawl Stone Soup version 0.21-a0-582-g1b93aee (webtiles) character file.

144 tof the Twirler (level 5, -9/40 HPs)
             Began as a Demonspawn Gladiator on Dec 19, 2017.
             Killed by divine providence
             ... invoked by an orc priest
              (14 damage)
             ... on level 3 of the Dungeon.
             The game lasted 00:02:56 (2469 turns).

tof the Twirler (Demonspawn Gladiator)              Turns: 2469, Time: 00:02:57

Health: -9/40      AC:  7    Str: 15    XL:     5   Next: 5%
Magic:  0/5        EV: 12    Int:  9    God:
Gold:   87         SH:  0    Dex: 15    Spells: 4/4 levels left

rFire    . . .     SeeInvis .   a - +3 quarterstaff (chaos)
rCold    + . .     Gourm    .   (shield currently unavailable)
rNeg     . . .     Faith    .   n - +0 ring mail
rPois    .         Spirit   +   c - +0 helmet
rElec    .         Reflect  .   q - +0 cloak
rCorr    .         Harm     .   (no gloves)
MR       .....                  (no boots)
Stlth    ++........             (no amulet)
HPRegen  0.13/turn              k - ring of protection from cold
MPRegen  0.09/turn              (no ring)

@: no status effects
A: hooves 1, nightstalker 1, magic shield
a: no special abilities


You were on level 3 of the Dungeon.
You were hungry.

You visited 1 branch of the dungeon, and saw 3 of its levels.

You collected 87 gold pieces.

Inventory:

Hand Weapons
 a - a +3 quarterstaff of chaos (weapon)
 b - a +2 hunting sling of flaming
 l - a +0 quarterstaff
Missiles
 d - 3 throwing nets (quivered)
 h - 5 poisoned needles
Armour
 c - a +0 helmet (worn)
 n - a +0 ring mail (worn)
 q - a +0 cloak (worn)
Jewellery
 k - a ring of protection from cold (left hand)
Scrolls
 e - 2 scrolls of identify {unknown}
 i - 2 scrolls of immolation {unknown}
 j - 2 scrolls of enchant weapon {unknown}
 m - 3 scrolls of enchant armour {unknown}
 o - a scroll of teleportation {unknown}
 p - a scroll of remove curse {unknown}
Potions
 g - a potion of cancellation {unknown}
Comestibles
 f - 6 rations


   Skills:
 + Level 2.9 Fighting
 * Level 3.9 Staves
 + Level 2.6 Throwing
 + Level 1.6 Armour
 - Level 2.6 Dodging


You had 4 spell levels left.
You didn't know any spells.

Dungeon Overview and Level Annotations

Branches:
Dungeon (3/15)

Altars:
Qazlal

Annotations:
D:2 Terence


Innate Abilities, Weirdness & Mutations

You have large cloven feet.
You are slightly more attuned to the shadows.
When hurt, damage is shared between your health and your magic reserves.


Message History

The wolf closely misses you. The wolf bites you.
The orc hits you but does no damage.
You sock the orc! You burn the orc.
You kill the orc!
The wolf misses you. x2
You feel sick. The wolf barely misses you. The wolf closely misses you.
You see here an adder corpse.
The wolf barely misses you.
The orc priest begins to cast a cantrip, but forgets the words!
The wolf bites you.
You feel sick.
You are no longer poisoned.
The wolf closely misses you.
The orc priest invokes the aid of Beogh against you.
Beogh smites you!
* * * LOW HITPOINT WARNING * * *
The orc priest invokes the aid of Beogh against you.
Beogh smites you!
You die...

.......#.#
......=#o##..#
#.o.)...>#
#.o#)#####
#..#.# #..#o# #
#..#.#
#.##.h#.#####
#....@#.....#
####..#####.#
#......#o#
#......#.#
#.#....#.#
#......#
#.....##
##########.#####
#<.........#


You could see a wolf and 2 orc priests.

Vanquished Creatures
  Crazy Yiuf (D:2)
  Jessica (D:2)
  5 adders
  2 oozes (D:1)
  A worm (D:2)
  2 dart slugs
  An orc (D:3)
  A giant cockroach (D:1)
  4 goblins
  2 hobgoblins (D:2)
  2 jackals (D:2)
  2 kobolds
  2 bats
  5 frilled lizards
  4 rats (D:1)
35 creatures vanquished.

Notes
Turn   | Place    | Note
-------+----------+-------------------------------------------
     0 | D:1      | tof the Demonspawn Gladiator began the quest for the Orb.
     0 | D:1      | Reached XP level 1. HP: 16/16 MP: 1/1
   309 | D:1      | Gained mutation: When hurt, damage is shared between your health and your magic reserves. [demonic ancestry]
   309 | D:1      | Reached XP level 2. HP: 17/22 MP: 2/2
   452 | D:1      | Reached skill level 3 in Staves
  1207 | D:2      | Noticed Jessica
  1208 | D:2      | Gained mutation: You have large cloven feet. [demonic ancestry]
  1208 | D:2      | Reached XP level 3. HP: 15/28 MP: 3/3
  1219 | D:2      | Killed Jessica
  1219 | D:2      | Reached skill level 1 in Armour
  1221 | D:2      | Noticed Terence
  1421 | D:2      | Reached XP level 4. HP: 30/34 MP: 4/4
  1552 | D:2      | Found a stormy altar of Qazlal.
  2249 | D:2      | Found a runed door.
  2253 | D:2      | Noticed Crazy Yiuf
  2260 | D:2      | Killed Crazy Yiuf
  2455 | D:3      | Gained mutation: You are slightly more attuned to the shadows. [demonic ancestry]
  2455 | D:3      | Reached XP level 5. HP: 30/40 MP: 5/5
  2459 | D:3      | Noticed a wolf
  2459 | D:3      | an orc priest changed into a wolf
  2469 | D:3      | Killed from afar by an orc priest

Vault maps used:
D:1:      dpeg_arrival_houses_and_road
D:2:      lemuel_doored_altar, minmay_tall_x, uniq_jessica, uniq_terence,
          uniq_crazy_yiuf_cottage
D:3:      serial_co_window_serial, co_window_corner_a, co_window_paths_a,
          co_window_of_opportunity_a, co_window_cross_1, co_window_paths_b,
          co_window_corner_a, co_window_corner_a, co_window_corner_b,
          co_window_2corner, co_window_corner_b, co_window_unsneaky_path_b,
          co_window_unsneaky_path_d, uniq_sigmund

Skill      XL: |  1  2  3 |
---------------+----------+-----
Throwing       | 2 |  2.6
Staves         | 3 |  3.9
Armour         | 1 |  1.6
Fighting       | |  2.9
Dodging        | |  2.6

Action                   |  1- 3 |  4- 6 || total
-------------------------+-------+-------++-------
Melee: Quarterstaff      |    59 |    55 ||   114
       Kick              |     3 |    16 ||    19
 Stab: Sleeping          |     1 |       ||     1
  Eat: Chunk             |       |     4 ||     4
Armor: Leather armour    |    20 |     6 ||    26
       Ring mail         |       |    11 ||    11
Dodge: Dodged            |    44 |    42 ||    86

Table legend:
 A = Spawn XP
 B = Non-spawn XP
 C = Spawn XP percentage of total XP
 D = Spawn monster count
 E = Non-spawn monster count
 F = Spawn count percentage of total count
 G = Total turns spent on level
                    A         B        C        D         E        F      G
               +---------+---------+-------+---------+---------+-------+---------
         Total |       0 |     207 |   0.0 |       0 |      35 |   0.0 |  2469
               +---------+---------+-------+---------+---------+-------+---------
           D:1 |       0 |      33 |   0.0 |       0 |      15 |   0.0 |  1124
           D:2 |       0 |     158 |   0.0 |       0 |      18 |   0.0 |  1304
           D:3 |       0 |      16 |   0.0 |       0 |       2 |   0.0 |    41
               +---------+---------+-------+---------+---------+-------+---------
